 Seeded DCSS version 0.30.1-4-g462c640d31 (webtiles) character file.

Game seed: 1488530604685760082 (custom seed)

38663 kingsuperguy the Cleaver (level 13, -23/100 HPs)
             Began as a Demonspawn Monk on Sept 15, 2023.
             Was the Champion of Kikubaaqudgha.
             Annihilated by a caustic shrike simulacrum (36 damage)
             ... in an ice cave on Sept 17, 2023.
             The game lasted 00:45:32 (18453 turns).

kingsuperguy the Cleaver (Demonspawn Monk)         Turns: 18453, Time: 00:45:34

Health: -23/100    AC: 29    Str: 19    XL:     13   Next: 65%
Magic:  23/23      EV: 10    Int: 21    God:    Kikubaaqudgha [******]
Gold:   1210       SH: 11    Dex: 15    Spells: 5/25 levels left

rFire   + . .        l - +11 broad axe "Demonspawn's Regret" {spect, Str+3}
rCold   . . .        R - +2 buckler
rNeg    . . .        Z - +4 plate armour {rF+}
rPois   .            (helmet restricted)
rElec   .            Y - +2 cloak {Will+}
rCorr   .            (no gloves)
SInv    .            g - +0 pair of boots
Will    +....        (no amulet) Stlth
                     O - +6 ring of intelligence
HPRegen 0.36/turn    H - +6 ring of intelligence
MPRegen 0.18/turn

%: no passive effects
@: no status effects
A: antennae 2, foul stench 1, icemail 2, sturdy frame 2, condensation shield,
bedeviling, dopey 1, screaming 1, weak 1
a: Renounce Religion, Unearth Wretches, Torment


You were in an ice cave.
You worshipped Kikubaaqudgha.
Kikubaaqudgha was exalted by your worship.
You visited 3 branches of the dungeon, and saw 18 of its levels.
You also visited: Ossuary, Ice Cave and Volcano.

You collected 1210 gold pieces.

Inventory:

Hand Weapons
 a - a +2 quarterstaff of flaming
 l - the +11 broad axe "Demonspawn's Regret" (weapon) {spect, Str+3}
   (You found it on level 3 of the Dungeon)

   Str:       It affects your strength (+3).
Armour
 d - an orb of light
 g - a +0 pair of boots (worn)
 r - a +0 cloak
 J - the +1 helmet of the Skies Above {Dex+6}
   (You found it on level 12 of the Dungeon)

   Dex:       It affects your dexterity (+6).
 R - a +2 buckler (worn)
 U - the orb of Haez {guile, Rampage rCorr Int+2 Dex-3}
   (You found it on level 10 of the Dungeon)

   Int:       It affects your intelligence (+2).
   Dex:       It affects your dexterity (-3).
   rCorr:     It protects you from acid and corrosion.
   Rampage:   It bestows one free step when moving towards enemies.
 Y - a +2 cloak of willpower (worn)
 Z - a +4 plate armour of fire resistance (worn)
Jewellery
 w - a ring of poison resistance
 B - a ring of ice
 H - a +6 ring of intelligence (right hand)
 O - a +6 ring of intelligence (left hand)
 Q - a ring of see invisible
 T - a ring of flight
 X - the amulet of Docsebui {Acrobat -Cast Rampage rElec Regen+}
   (You found it on level 12 of the Dungeon)

   [amulet of the acrobat]

   It increases your evasion while moving and waiting.
   rElec:     It insulates you from electricity.
   -Cast:     It prevents spellcasting.
   Regen:     It increases your rate of health regeneration.
   Rampage:   It bestows one free step when moving towards enemies.
Wands
 c - a wand of roots (9)
 m - a wand of flame (52)
 v - a wand of mindburst (11)
 L - a wand of paralysis (23)
 N - a wand of acid (4)
Scrolls
 b - 3 scrolls of identify
 e - 7 scrolls of teleportation
 f - 2 scrolls of brand weapon
 h - a scroll of torment
 i - a scroll of summoning
 k - 7 scrolls of fog
 n - 3 scrolls of fear
 p - 2 scrolls of enchant armour
 q - 3 scrolls of amnesia
 t - 6 scrolls of immolation {unknown}
 y - 2 scrolls of enchant weapon {unknown}
 F - 4 scrolls of magic mapping {unknown}
 K - 2 scrolls of noise {unknown}
 M - 3 scrolls of vulnerability {unknown}
 V - 4 scrolls of silence {unknown}
Potions
 j - a potion of flight {unknown}
 s - 3 potions of degeneration {unknown}
 u - 6 potions of haste
 x - 3 potions of ambrosia
 z - 7 potions of curing
 C - 2 potions of brilliance
 D - a potion of cancellation {unknown}
 E - 3 potions of mutation {unknown}
 G - 3 potions of resistance {unknown}
 I - 2 potions of magic {unknown}
 P - a potion of invisibility {unknown}
 S - 4 potions of might
 W - a potion of berserk rage


   Skills:
 + Level 8.9 Fighting
 + Level 13.9 Axes
 + Level 6.7 Armour
 + Level 5.1 Dodging
 + Level 2.5 Stealth
 + Level 5.0 Shields
 + Level 1.4 Unarmed Combat
 * Level 6.9 Spellcasting
 * Level 11.2 Necromancy


You had 5 spell levels left.
You knew the following spells:

 Your Spells              Type           Power      Damage    Failure   Level
a - Necrotise             Necr           100%       1d9       1%          1
b - Kiss of Death         Conj/Necr      100%       2d13      8%          1
c - Agony                 Necr           53%        N/A       21%         5
d - Death Channel         Necr           26%        N/A       75%         6
e - Vampiric Draining     Necr           53%        2d9       2%          3
f - Dispel Undead         Necr           53%        3d19      8%          4

Your spell library contained the following spells:

 Spells                   Type           Power      Damage    Failure   Level
 Sublimation of Blood     Necr           53%        N/A       1%          2
 Apportation              Tloc           14%        N/A       61%         1
 Sandblast                Erth           14%        2d6       61%         1
 Shock                    Conj/Air       28%        1d4       61%         1
 Summon Small Mammal      Summ           28%        N/A       61%         1
 Passwall                 Tmut/Erth      5%         N/A       75%         2
 Searing Ray              Conj           14%        2d5       75%         2
 Static Discharge         Conj/Air       14%        2-3/arc   75%         2
 Borgnjor's Vile Clutch   Necr/Erth      15%        N/A       91%         5
 Hailstorm                Conj/Ice       7%         3d4       93%         3
 Stone Arrow              Conj/Erth      14%        3d7       93%         3
 Swiftness                Air            7%         N/A       93%         3
 Vhi's Electric Charge    Tloc/Air       14%        N/A       93%         3
 Airstrike                Air            3%         2d(1-17)  100%        4
 Summon Ice Beast         Ice/Summ       7%         N/A       100%        4
 Summon Lightning Spire   Summ/Air       7%         N/A       100%        4
 Arcjolt                  Conj/Air       3%         1d13      100%        5
 Summon Mana Viper        Hex/Summ       10%        N/A       100%        5
 Plasma Beam              Fire/Air       3%         2x1d15    100%        6
 Haunt                    Necr/Summ      15%        N/A       100%        7
 Monstrous Menagerie      Summ           3%         N/A       100%        7
 Borgnjor's Revivificati  Necr           26%        N/A       100%        8
 Infestation              Necr           26%        N/A       100%        8
 Necromutation            Tmut/Necr      15%        N/A       100%        8
 Death's Door             Necr           26%        N/A       100%        9


Dungeon Overview and Level Annotations

Branches:
Dungeon (15/15)            Temple (0/1) D:5            Lair (1/5) D:9
    Orc (2/2) D:10        Ossuary (visited)           IceCv (1/1)
Volcano (visited)
    Elf: Orc:2       Vaults: D:13-14     Depths: D:15

Altars:
Gozag
Kikubaaqudgha
Ru
Sif Muna
Trog
Uskayaw

Shops:
D:1 (

Annotations:
D:13 6 runed translucent doors
D:15 Rupert


Innate Abilities, Weirdness & Mutations

You have a pair of antennae on your head.
You may rarely emit foul miasma when damaged in melee.
A meltable icy envelope protects you from harm. (AC +8)
Your movements are less encumbered by armour. (ER -4)
A meltable shield of frost defends you. (SH +4)
Your hexes are more powerful.
You are dopey. (Int -2)
You occasionally shout uncontrollably at your foes.
You are weak. (Str -2)


Message History

The white ugly thing is poisoned.
The white ugly thing basks in the mutagenic energy from its kin and changes! x2
You feel much better.
Rupert asks, "You're a monster, aren't you?"
You block the cyan ugly thing's attack.
The white ugly thing punches you but does no damage.
The white ugly thing closely misses you.
The cyan ugly thing closely misses you.
You block the white ugly thing's attack.
The white ugly thing trunk-slaps you.
* * * LOW HITPOINT WARNING * * *
The white ugly thing freezes you!!
* * * LOW HITPOINT WARNING * * *
The white ugly thing barely misses you.
The world spins around you as you enter the gateway.
You enter an ice cave!
Found an ice covered gate leading back out of this place.
There is an ice choked empty arch of ancient stone here.
Okay, then.
Aiming: Throw Flame
Press: ? - help, Q - select action, (/) - cycle Shift-Dir - straight line, f - caustic shrike simulacrum
Aim: a caustic shrike simulacrum (56% to hit)
Okay, then.
Aiming: Fastroot
Press: ? - help, Q - select action, (/) - cycle Shift-Dir - straight line
Okay, then.
You feel much better.
Casting: Necrotise (safe; 1% risk of failure)
Confirm with . or Enter, or press ? or * to list all spells.
Okay, then.
As you read the scroll of summoning, it crumbles to dust.
Wisps of shadow whirl around you...
You slash the caustic shrike simulacrum!
The caustic shrike simulacrum is lightly damaged.
Your +11 broad axe "Demonspawn's Regret" {spect, Str+3} misses the caustic shrike simulacrum.
The caustic shrike simulacrum claws you!
* * * LOW HITPOINT WARNING * * *
The caustic shrike simulacrum freezes you!!!
You die...
Kikubaaqudgha rasps: "You have failed me!
Welcome... death!"

#########
#@ZZ....#
#Z(.∩...#
#.......#
#..Z....#
#...∩...#
##.....##
##Z..##
##Z## ..Z


You could see an anaconda simulacrum, a dire elephant simulacrum, a golden
dragon simulacrum, a caustic shrike simulacrum (ally target), a friendly +11
broad axe "Demonspawn's Regret" {spect, Str+3}, a friendly anaconda simulacrum
(summoned) and a friendly dire elephant simulacrum (summoned).

Vanquished Creatures
  Kirke (D:13)
  Azrael (D:13)
  3 hydras (D:13)
  2 centaur warriors
  6 boulder beetles
  A two-headed ogre (Volcano)
  6 death yaks (Lair:1)
  3 skeletal warriors (D:12)
  2 deep elf pyromancers
  3 cyclopes (D:13)
  Pikel (D:4)
  2 ugly things
  2 salamanders (Volcano)
  2 manticores (D:13)
  Maurice (D:10)
  A black mamba (Lair:1)
  2 gargoyles (D:12)
  2 centaur skeletons (D:14)
  Psyche (D:10)
  A cane toad (Lair:1)
  2 kobold demonologists
  A komodo dragon (Lair:1)
  A meliai (D:13)
  7 trolls
  5 slime creatures (D:13)
  Sigmund (D:6)
  3 wraiths
  A wyvern (D:11)
  A centaur simulacrum (D:14)
  A vampire (D:10)
  3 fire bats (Volcano)
  14 yaks
  Eustachio (D:5)
  2 hogs (D:13)
  Grum (Lair:1)
  3 basilisks
  Edmund (D:6)
  3 fire elementals (D:13)
  4 vampire mosquitoes
  Menkaure (D:6)
  2 acid dragons
  A warg (Orc:1)
  3 water moccasins
  6 hell hounds
  2 black bears
  9 orc warriors
  A sky beast (D:7)
  4 ice beasts
  An ogre (D:5)
  5 boggarts (D:10)
  11 centaurs
  6 wolves (Lair:1)
  A lemure (D:4)
  A phantom (D:7)
  5 kobold brigands
  4 bullfrogs
  Blork the orc (D:5)
  2 wyvern zombies (Ossuary)
  2 gnoll sergeants
  3 scorpions
  2 water moccasin zombies (Ossuary)
  4 wights (D:8)
  5 killer bees (D:9)
  7 howler monkeys
  7 electric eels
  5 bullfrog zombies (Ossuary)
  5 centaur zombies (Ossuary)
  4 gnoll boudas
  3 hounds
  12 orc priests
  4 iguanas
  10 orc wizards
  4 hell rats (Lair:1)
  21 mummies (Ossuary)
  36 gnolls
  12 adders
  A white imp (D:6)
  An ufetubus (D:7)
  2 worms
  A dart slug (D:2)
  49 orcs
  11 endoplasms
  3 giant cockroaches
  4 goblins
  12 hobgoblins
  20 kobolds
  2 quokkas
  8 ball pythons
  6 bats
  2 frilled lizards (D:3)
  5 rats
437 creatures vanquished.

Vanquished Creatures (others)
  2 humans (D:13)
  6 spectral weapons
8 creatures vanquished.

Grand Total: 445 creatures vanquished

Notes
Turn   | Place    | Note
-------+----------+-------------------------------------------
     0 | D:1      | kingsuperguy the Demonspawn Monk began the quest for the
                  | Orb.
     0 | D:1      | Reached XP level 1. HP: 18/18 MP: 1/1
   207 | D:1      | Gained mutation: You may rarely emit foul miasma when
                  | damaged in melee. [demonic ancestry]
   207 | D:1      | Reached XP level 2. HP: 19/24 MP: 2/2
   254 | D:1      | Reached skill level 3 in Axes
   423 | D:1      | Found Dyac's Weapon Shop.
   627 | D:1      | Found a faded altar of an unknown god.
   780 | D:2      | Gained mutation: A meltable shield of frost defends you.
                  | (SH +4) [demonic ancestry]
   780 | D:2      | Reached XP level 3. HP: 22/29 MP: 3/3
   879 | D:1      | Prayed at the altar of an unknown god.
   879 | D:1      | Became a worshipper of Kikubaaqudgha
   879 | D:1      | Reached * piety under Kikubaaqudgha
   879 | D:1      | Received a gift from Kikubaaqudgha
   879 | D:1      | Reached ** piety under Kikubaaqudgha
   882 | D:1      | Learned a level 1 spell: Necrotise
   884 | D:1      | Learned a level 1 spell: Kiss of Death
  1045 | D:2      | Reached *** piety under Kikubaaqudgha
  1045 | D:2      | Received a gift from Kikubaaqudgha
  1291 | D:2      | Reached XP level 4. HP: 31/37 MP: 4/4
  1669 | D:3      | Reached skill level 1 in Necromancy
  1915 | D:3      | Identified the +11 broad axe "Demonspawn's Regret" {spect,
                  | Str+3}
  1918 | D:3      | Found an opulent altar of Gozag.
  2067 | D:3      | You fall into a shaft and drop 2 floors!
  2067 | D:5      | Entered Level 5 of the Dungeon
  2094 | D:5      | Noticed Eustachio
  2096 | D:5      | Reached skill level 4 in Axes
  2096 | D:5      | Gained mutation: A meltable icy envelope protects you from
                  | harm. (AC +8) [demonic ancestry]
  2096 | D:5      | Reached XP level 5. HP: 19/42 MP: 1/5
  2132 | D:5      | Killed Eustachio
  2133 | D:5      | Gained mutation: You have a pair of small antennae on your
                  | head. [demonic ancestry]
  2133 | D:5      | Reached XP level 6. HP: 39/48 MP: 5/7
  2188 | D:5      | Reached skill level 1 in Spellcasting
  2730 | D:4      | Noticed Pikel
  2742 | D:4      | Found a sand-covered staircase.
  2746 | Ossuary  | Entered an ossuary
  2756 | Ossuary  | Reached **** piety under Kikubaaqudgha
  2757 | Ossuary  | Reached skill level 1 in Shields
  2760 | Ossuary  | Gained mutation: Your movements are slightly less
                  | encumbered by armour. (ER -2) [demonic ancestry]
  2760 | Ossuary  | Reached XP level 7. HP: 55/55 MP: 8/8
  2769 | Ossuary  | Reached skill level 5 in Axes
  2821 | Ossuary  | Reached skill level 6 in Axes
  2880 | Ossuary  | Reached XP level 8. HP: 39/61 MP: 10/10
  3041 | Ossuary  | Reached skill level 7 in Axes
  3171 | D:4      | Killed Pikel
  3172 | D:4      | Reached skill level 5 in Fighting
  3274 | D:4      | Reached ***** piety under Kikubaaqudgha
  4079 | D:3      | Found a large runed translucent door.
  4080 | D:3      | Found a large runed translucent door.
  4376 | D:3      | Found a bloodstained altar of Trog.
  4386 | D:3      | Found a hide-covered altar of Uskayaw.
  4504 | D:5      | Noticed a troll
  4508 | D:5      | Noticed Blork the orc
  4509 | D:5      | Killed a troll
  4510 | D:5      | Reached skill level 8 in Axes
  4510 | D:5      | Reached skill level 5 in Necromancy
  4510 | D:5      | Gained mutation: A meltable icy envelope protects you from
                  | harm. (AC +8) [demonic ancestry]
  4510 | D:5      | Reached XP level 9. HP: 59/68 MP: 11/11
  4515 | D:5      | Killed Blork the orc
  4849 | D:5      | Found a staircase to the Ecumenical Temple.
  5003 | D:5      | Found a bloodstained altar of Trog.
  5184 | D:6      | Reached skill level 9 in Axes
  5237 | D:6      | Noticed Edmund
  5243 | D:6      | Killed Edmund
  5282 | D:6      | Got Fear's Lectures on Overhead Outbursts
  5486 | D:6      | Noticed Sigmund
  5493 | D:6      | Killed Sigmund
  5545 | D:6      | Noticed Menkaure
  5549 | D:6      | Killed Menkaure
  6172 | D:7      | Reached skill level 10 in Axes
  6237 | D:7      | Gained mutation: Your hexes are more powerful. [demonic
                  | ancestry]
  6237 | D:7      | Reached XP level 10. HP: 74/76 MP: 12/12
  6403 | D:7      | Reached skill level 1 in Armour
  6403 | D:7      | Reached skill level 1 in Stealth
  7718 | D:8      | Found a sacrificial altar of Ru.
  8316 | D:9      | Reached ****** piety under Kikubaaqudgha
  8469 | D:9      | Found a staircase to the Lair.
  8625 | D:9      | Received a gift from Kikubaaqudgha
  8869 | D:10     | Entered Level 10 of the Dungeon
  8917 | D:10     | Noticed Maurice
  8928 | D:10     | Killed Maurice
  8934 | D:10     | Reached skill level 11 in Axes
  9019 | D:10     | Noticed Psyche
  9229 | D:10     | Killed Psyche
  9584 | D:10     | Reached XP level 11. HP: 40/83 MP: 15/15
 10100 | D:10     | Identified the orb of Haez {guile, Rampage rCorr Int+2
                  | Dex-3}
 10186 | D:10     | Noticed a deep elf pyromancer
 10191 | D:10     | Noticed a white ugly thing
 10240 | D:10     | Found a staircase to the Orcish Mines.
 10248 | D:10     | Reached skill level 1 in Unarmed Combat
 10256 | Orc:1    | Entered Level 1 of the Orcish Mines
 10453 | Orc:2    | Entered Level 2 of the Orcish Mines
 10582 | D:11     | Gained mutation: You have hidden genetic defects. [a
                  | neqoxec]
 10632 | D:11     | Noticed a boulder beetle
 10642 | D:11     | Killed a boulder beetle
 11123 | D:12     | Noticed a skeletal warrior
 11123 | D:12     | Noticed a skeletal warrior
 11123 | D:12     | Noticed a skeletal warrior
 11607 | Lair:1   | Entered Level 1 of the Lair of Beasts
 11613 | Lair:1   | Gained mutation: You occasionally shout uncontrollably at
                  | your foes. [hidden defects]
 11656 | Lair:1   | Noticed Grum
 11664 | Lair:1   | Killed Grum
 11665 | Lair:1   | Reached skill level 12 in Axes
 11677 | Lair:1   | Noticed a death yak
 11678 | Lair:1   | Noticed a death yak
 11682 | Lair:1   | Noticed a death yak
 11684 | Lair:1   | Gained mutation: You have terrible hidden genetic defects.
                  | [hidden defects]
 11684 | Lair:1   | Lost mutation: You have terrible hidden genetic defects.
                  | [hidden defects expressed]
 11685 | Lair:1   | Killed a death yak
 11686 | Lair:1   | Killed a death yak
 11693 | Lair:1   | Killed a death yak
 11694 | Lair:1   | Gained mutation: Your movements are less encumbered by
                  | armour. (ER -4) [demonic ancestry]
 11694 | Lair:1   | Reached XP level 12. HP: 8/91 MP: 18/18
 11702 | Lair:1   | Found a dark tunnel.
 11709 | Volcano  | Entered a volcano
 11970 | Volcano  | Gained mutation: You are weak. (Str -2) [hidden defects]
 12658 | Volcano  | Noticed a two-headed ogre
 12753 | Volcano  | Killed a two-headed ogre
 13380 | Lair:1   | Noticed a death yak
 13380 | Lair:1   | Noticed a death yak
 13386 | Lair:1   | Killed a death yak
 13387 | Lair:1   | Reached skill level 5 in Armour
 13387 | Lair:1   | Killed a death yak
 13388 | Lair:1   | Reached skill level 5 in Spellcasting
 13389 | Lair:1   | Gained mutation: You are dopey. (Int -2) [hidden defects]
 13389 | Lair:1   | Lost mutation: You have hidden genetic defects. [hidden
                  | defects expressed]
 13648 | Lair:1   | Noticed a death yak
 13654 | Lair:1   | Killed a death yak
 14430 | D:11     | Learned a level 5 spell: Agony
 14437 | D:11     | Learned a level 6 spell: Death Channel
 14441 | D:11     | Learned a level 3 spell: Vampiric Draining
 14446 | D:11     | Learned a level 4 spell: Dispel Undead
 14449 | D:12     | Noticed a boulder beetle
 14475 | D:12     | Killed a boulder beetle
 14483 | D:12     | Reached skill level 10 in Necromancy
 14483 | D:12     | HP: 1/92 [orc warrior/+0 trident (6)]
 14486 | D:12     | Reached skill level 13 in Axes
 14577 | D:12     | Identified the +1 helmet of the Skies Above {Dex+6}
 15035 | D:12     | Found a shimmering blue altar of Sif Muna.
 15249 | D:12     | Identified the amulet of Docsebui {Acrobat -Cast Rampage
                  | rElec Regen+}
 15701 | D:13     | Noticed Kirke
 15709 | D:13     | Killed Kirke
 15726 | D:13     | Gained mutation: You have a pair of antennae on your head.
                  | [demonic ancestry]
 15726 | D:13     | Reached XP level 13. HP: 87/99 MP: 21/21
 16020 | D:13     | Reached skill level 5 in Dodging
 16432 | D:13     | Found a runed translucent gate.
 16432 | D:13     | Found a runed translucent gate.
 16432 | D:13     | Found a runed translucent gate.
 16452 | D:13     | Noticed a fire giant
 16467 | D:13     | Noticed a stone giant
 17256 | D:13     | Noticed Azrael
 17262 | D:13     | Killed Azrael
 17812 | D:13     | Found a runed translucent gate.
 17812 | D:13     | Found a runed translucent gate.
 17812 | D:13     | Found a runed translucent gate.
 18337 | D:14     | Reached skill level 5 in Shields
 18422 | D:15     | Entered Level 15 of the Dungeon
 18427 | D:15     | Noticed Rupert
 18437 | D:15     | Found a frozen archway.
 18445 | D:15     | HP: 4/100 [white ugly thing (22)]
 18446 | IceCv    | Entered an ice cave
 18453 | IceCv    | Annihilated by a caustic shrike simulacrum

Illustrated notes

Levels and vault maps discovered:
D:1:      nzn_arrival_settlement, layout_loops_ring, serial_shops, shop,
          hellmonk_ecumenical_altar_arch_garden, minmay_tetromino_t4
D:2:      layout_basic
D:3:      layout_loops_corners, old_standard_altar, jmf_multi_god_temple2,
          st_stairs_9
D:4:      layout_basic, serial_shops, nicolae_square_shop, enter_ossuary_5,
          skrybe_limestone_x, uniq_pikel
D:5:      layout_cave_pods, temple_fountains, portal_sewer_entry_d,
          serial_glass, glass_columns_c, glass_columns_b, minmay_ruined_shrine,
          uniq_eustachio, uniq_blork_the_orc
D:6:      layout_basic, uniq_sigmund, uniq_menkaure, uniq_edmund
D:7:      layout_basic
D:8:      layout_layer_cave, nicolae_ru_sacrificial_ziggurat,
          nicolae_grassy_gnolls
D:9:      layout_rooms, elyvilon_altar_3, dpeg_oklobed_lair,
          hangedman_decor_diamond_cutter
D:10:     layout_rooms, tso_metal_star, orc_0_dummy, serial_rivers,
          chequers_serial_rivers_micro_c, chequers_serial_rivers_micro_b,
          chequers_serial_rivers_micro_d, chequers_serial_rivers_micro_b,
          chequers_serial_rivers_micro_d, chequers_big_river,
          minmay_mirror_moons_of_madness, uniq_maurice, uniq_psyche
D:11:     layout_rooms, fungi_pond_lemuel
D:12:     layout_gridville, kennysheep_orc_sif_temple
D:13:     kennysheep_treasure_stockpile, layout_long_grid, uniq_azrael,
          uniq_kirke
D:14:     gammafunk_worm_tunnel, layout_rooms,
          hangedman_vaults_entry_quadrant_bands
D:15:     grunt_enter_depths_hoard, layout_basic,
          portal_ice_cave_entry_ugly_swarm, hellmonk_bongcloud_opening,
          uniq_rupert
Lair:1:   layout_regular_city, enter_volcano_4, uniq_grum
Orc:1:    layout_caves, serial_shops, nicolae_shop_dealshenge,
          nicolae_shop_behind_doors, nicolae_orc_lava_tube,
          nicolae_orc_stony_grotto, uniq_nergalle
Orc:2:    st_orc_pillars, layout_caves, nicolae_orc_crystal_geode
IceCv:    ice_cave_statue_garden_chambered

Skill      XL: |  1  2  3  4  5  6  7  8  9 10 11 12 13 |
---------------+----------------------------------------+-----
Axes           | 3 4 6 8 10 11 12 13 | 13.9
Dodging        | 3 4 5 |  5.1
Necromancy     | 1 2 3 5 6 8 9 10 11 | 11.2
Fighting       | 4 5 6 7 8 |  8.9
Spellcasting   | 1 2 4 5 6 |  6.9
Shields        | 1 2 3 4 5 |  5.0
Armour         | 3 4 6 |  6.7
Stealth        | 1 2 |  2.5
Unarmed Combat | 1 |  1.4

Action                     |  1- 3 |  4- 6 |  7- 9 | 10-12 | 13-15 || total
---------------------------+-------+-------+-------+-------+-------++-------
  Melee: Hand axe          |    85 |   134 |       |       |       ||   219
         Broad axe         |       |     4 |   181 |   324 |   141 ||   650
         Unarmed           |       |       |       |    10 |       ||    10
   Cast: Necrotise         |       |     8 |       |     8 |     5 ||    21
         Vampiric Draining |       |       |       |       |     5 ||     5
         Agony             |       |       |       |       |     3 ||     3
         Kiss of Death     |       |       |       |       |     1 ||     1
 Invoke: Receive Forbidden |       |       |       |     1 |       ||     1
  Evoke: Wand              |       |       |       |     3 |     1 ||     4
    Use: Potion            |       |     6 |       |     4 |     4 ||    14
         Scroll            |       |       |       |    12 |     2 ||    14
   Stab: Distracted        |       |       |       |     2 |     3 ||     5
 Armour: Robe              |    15 |    46 |    15 |       |       ||    76
         Plate armour      |       |       |    38 |   153 |   110 ||   301
         Skin              |       |       |       |     1 |       ||     1
  Dodge: Dodged            |    64 |   115 |    75 |    96 |    64 ||   414
  Block: Orb               |     9 |    31 |    24 |       |       ||    64
         Buckler           |       |       |       |   169 |   106 ||   275
